 Dungeon Crawl Stone Soup version 0.31-a0-965-g8a8ce12e04 (webtiles) character file.

Game seed: 2462888752623687820

243 kae the Changeling (level 5, 0/35 HPs)
             Began as a Draconian Shapeshifter on Oct 26, 2023.
             Was an Initiate of Qazlal.
             Slain by Menkaure (19 damage)
             ... on level 5 of the Dungeon.
             The game lasted 00:03:48 (3735 turns).

kae the Changeling (Draconian Shapeshifter)         Turns: 3735, Time: 00:03:48

Health: 0/35       AC:  5    Str: 16    XL:     5   Next: 82%
Magic:  5/5        EV: 12    Int: 11    God:    Qazlal [......]
Gold:   378        SH:  0    Dex: 12    Spells: 4/4 levels left

rFire   . .          .
                       - Unarmed
rCold   . . .        (shield currently unavailable)
rNeg    . . .        (body armour unavailable)
rPois   .            (helmet restricted)
rElec   .            (no cloak)
rCorr   .            (no gloves)
SInv    .            (no boots)
Will    .....        A - amulet of the acrobat
Stlth   +            (no ring)
HPRegen 0.25/turn    (no ring)
MPRegen 0.09/turn

%: acrobat
@: flux-form, glowing
A: glow, contaminating, reduced hp, AC +5, unfitting armour, cold-blooded
a: Begin Untransformation, Renounce Religion


You were on level 5 of the Dungeon.
You worshipped Qazlal.
Qazlal was noncommittal.
You were something dangerously unstable.
You visited 2 branches of the dungeon, and saw 6 of its levels.

You collected 378 gold pieces.


Innate Abilities, Weirdness & Mutations

You are something dangerously unstable.
You glow with magical radiation, making you easy to see and hit.
Foes you strike become dangerously contaminated with magical radiation.
Your maximum health is decreased, since you lack skill for your form.
You are incapable of wielding weapons or throwing items.
Your plain brown scales are hard. (AC +5)
You cannot fit into any form of body armour.
You are cold-blooded and may be slowed by cold attacks.


   Skills:
 + Level 3.2 Fighting
 - Level 1.7 Dodging
 + Level 4.1 Unarmed Combat
 + Level 0.1 Invocations
 * Level 4.8 Shapeshifting


You had 4 spell levels left.
You didn't know any spells.
Your spell library contained the following spells:

 Spells                   Type           Power      Damage    Failure   Level
 Summon Small Mammal      Summ           0%         N/A       34%         1
 Call Canine Familiar     Summ           0%         N/A       71%         3
 Hailstorm                Conj/Ice       0%         3d3       71%         3
 Summon Guardian Golem    Hex/Summ       0%         N/A       71%         3
 Summon Ice Beast         Ice/Summ       0%         N/A       98%         4
 Simulacrum               Ice/Necr       0%         N/A       100%        6

Inventory:

Missiles
 f - 31 stones
 j - 2 curare-tipped darts {=f}
 l - 3 poisoned darts
Jewellery
 A - an amulet of the acrobat (around neck)
   (You found it on level 3 of the Dungeon)
Talismans
 b - a beast talisman
 c - a flux talisman (active)
Scrolls
 e - 3 scrolls of amnesia
 n - a scroll of enchant weapon
 o - a scroll of teleportation {@r4}
Potions
 a - 3 potions of lignification {!q}
 d - 2 potions of degeneration {!q}
 g - a potion of might {unknown}
 h - a potion of magic {unknown}
 i - 4 potions of heal wounds {@q2}
 k - 2 potions of haste {unknown}
 m - a potion of curing {unknown}
 q - a potion of brilliance

Dungeon Overview and Level Annotations

Branches:
Dungeon (5/15) Zot: 26313  Temple (1/1) D:4 Zot: 5959

Altars:
Ashenzari
Cheibriados
Elyvilon
Fedhas
Gozag
Makhleb
Okawaru
Qazlal
Ru
Sif Muna
Trog
Uskayaw
Vehumet
Wu Jian
Xom
Yredelemnul
Zin
The Shining One
Lugonu

Shops:
D:1 =

Portals:
Abyss: D:3

Annotations:
D:5 Menkaure

......#.............#.....
......#.............#.....
....[.#...........<.#.....
......#######.####'###'###
............#.####..##..##
............'...#...†...#.
.......<....#...#.......#.
............#...#.......'.
.........p..#...#.......#.
.........M..#...#.......#.
............#.############
......#####....... ......
#......$ ...... #.......
...... ........ .....
#M...... #.......


You could see Menkaure (heavy contam).


Message History

😮 HP[+1]
There is an open door here.
Okay, then.
Okay, then. 😮 HP[+1] 😮 HP[+1]
There is a stone staircase leading down here. 😮 HP[+1] 😮 HP[+1]
You open the door.
A dart slug comes into view.
The dart slug moves out of view.
There is an open door here. 😮 HP[+1]
You completely miss the dart slug. You tail-slap the dart slug.
The dart slug closely misses you.
You hit the dart slug. You punch the dart slug.
You kill the dart slug!
Qazlal accepts your kill.
You see here a dart slug corpse.
You start resting.
You hear a distant slurping noise. 😕 HP[+8]
You regained 8 hp, and now have 38/45 hp.
You start resting.
You hear a distant slurping noise. x2 😎 HP[+7]
Your hp is fully restored (45).
There is an open door here.
What are your orders? t - Shout!
Orders for allies: a - Attack new target. r - Retreat! s - Stop attacking. g - Guard the area. f - Follow me.
Anything else - Cancel.
You shout for attention!
You start waiting.
Done waiting.
f - 31 stones (gained 2)
You now have 363 gold pieces (gained 17).
You open the door.
There is an open door here.
You see here a dart slug corpse.
You open the door.
There is an open door here.
Found a stone staircase leading up.
There is an open door here.
You now have 378 gold pieces (gained 15).
Found a stone staircase leading down.
Menkaure is nearby!
Menkaure shouts!
Okay, then.
Okay, then.
Menkaure calls on the powers of darkness!
Your body is wracked with pain!
There is a stone staircase leading up here. 😮 HP[-21]
You take 21 damage, and now have 24/45 hp.
MASSIVE DAMAGE!! (PAUSE)
You climb upwards.
There is a stone staircase leading down here.
Unknown command. 😮 HP[+1]
You start resting. 😕 HP[+13]
You regained 13 hp, and now have 38/45 hp.
You start resting. 😎 HP[+7]
Your hp is fully restored (45).
You begin transforming.
You continue transforming. x3
Your transformation has ended.
You turn into something dangerously unstable. 😎 HP[-10]
You now have 35 max hp (-10).
Okay, then.
You climb downwards.
Level annotation: Menkaure Menkaure casts a spell at you.
Pain shoots through your body!
There is a stone staircase leading up here. 😕 HP[-1]
You take 1 damage, and now have 34/35 hp.
Unknown command.
Menkaure giggles, "These cerements are ticklish..."
Unknown command.
You hit Menkaure.
Menkaure begins to glow.
Menkaure barely misses you.
You hit Menkaure but do no damage.
Menkaure glows dangerously bright.
Menkaure hits you! 😮 HP[-15]
You take 15 damage, and now have 19/35 hp.
MASSIVE DAMAGE!! (PAUSE)
You hit Menkaure.
Menkaure shudders as magic cascades through him.
Your tail-slap misses Menkaure.
Menkaure hits you.
You hit Menkaure.
Menkaure begins to glow.
Unknown command.
You hit Menkaure but do no damage.
Menkaure glows dangerously bright.
Menkaure hits you!!
Ouch! That really hurt!
You die...

Skill      XL: |  1  2  3  4  5 |
---------------+----------------+-----
Fighting       | 2 3 |  3.2
Shapeshifting  | 4 |  4.8
Unarmed Combat | 4 |  4.1
Dodging        | |  1.7
Invocations    | |  0.1

Action                     |  1- 3 |  4- 6 || total
---------------------------+-------+-------++-------
  Melee: Unarmed           |   108 |   111 ||   219
         Tailslap          |    10 |    10 ||    20
         Punch             |     2 |     2 ||     4
    Use: Scroll            |     4 |     9 ||    13
   Stab: Sleeping          |     1 |     1 ||     2
 Armour: Skin              |    39 |    53 ||    92
  Dodge: Dodged            |    56 |    69 ||   125
   Form: Flux              |       |     1 ||     1

Levels and vault maps discovered:
D:1:      amcnicky_arrival_abandoned_market, layout_loops_ring, serial_shops,
          nicolae_diamond_shop, st_stairs_7, minmay_lizard_pond
D:2:      cheibrodos_helix_gallery, layout_loops_ring, grunt_ministairs_8
D:3:      layout_loops_cross, minmay_gold_behind_fungi, kennysheep_nondescript,
          nrook_mini_vaults, amcnicky_altar_lugonu_corruption
D:4:      layout_loops_cross, minmay_temple_entry_antechambers,
          patterned_corridor
D:5:      layout_gridville, mainiacjoe_overflow_catch_the_wave,
          sigmund_edmund_badplayer, uniq_duvessa, uniq_menkaure
Temple:   nicolae_temple_two_arcs

Notes
Turn   | Place    | Note
-------+----------+-------------------------------------------
     0 | D:1      | kae the Draconian Shapeshifter began the quest for the Orb.
     0 | D:1      | Reached XP level 1. HP: 16/16 MP: 1/1
     0 | D:1      | magus.rc [v1.11.3]
    20 | D:1      | You pick up a book of the Tundra and begin reading...
    20 | D:1      | You add the spells Hailstorm, Summon Ice Beast and
                  | Simulacrum to your library.
   151 | D:1      | Reached XP level 2. HP: 23/23 MP: 2/2
   301 | D:1      | Reached XP level 3. HP: 24/29 MP: 3/3
   355 | D:1      | Found Fir Pucw's Jewellery Shoppe.
   855 | D:2      | Reached skill level 2 in Fighting
  1287 | D:2      | Reached XP level 4. HP: 32/36 MP: 4/4
  1511 | D:2      | Reached skill level 4 in Shapeshifting
  1694 | D:3      | You pick up a book of Callings and begin reading...
  1694 | D:3      | You add the spells Summon Small Mammal, Call Canine
                  | Familiar and Summon Guardian Golem to your library.
  1838 | D:3      | Found a corrupted altar of Lugonu.
  1913 | D:3      | Found a one-way gate to the infinite horrors of the Abyss.
  2135 | D:3      | Reached XP level 5. HP: 42/42 MP: 5/5
  2349 | D:3      | Reached skill level 3 in Fighting
  2349 | D:3      | Reached skill level 4 in Unarmed Combat
  2354 | D:3      | HP: 11/45 [poisoned by a scorpion]
  2580 | D:4      | magus.rc [v1.11.3]
  2795 | D:4      | Found a staircase to the Ecumenical Temple.
  2810 | Temple   | Entered the Ecumenical Temple
  2841 | Temple   | Became a worshipper of Qazlal Stormbringer
  3383 | D:5      | Entered Level 5 of the Dungeon
  3422 | D:5      | Noticed Menkaure
  3735 | D:5      | Slain by Menkaure

Vanquished Creatures
  A scorpion (D:3)
  An orc priest (D:3)
  5 adders
  2 worms (D:2)
  4 dart slugs
  5 orcs (D:3)
  15 ball pythons
  11 endoplasms
  3 giant cockroaches
  7 goblins
  4 hobgoblins
  10 kobolds
  A quokka (D:3)
  6 bats
  11 frilled lizards
  9 rats
  A lurking horror (D:3)
96 creatures vanquished.

Table legend:
 A = Non-vault XP
 B = Vault XP
 C = Vault XP percentage of total XP
 D = Non-vault monster count
 E = Vault monster count
 F = Vault count percentage of total count
                 A         B        C        D         E       F
            +---------+---------+-------+---------+---------+-------
      Total |     335 |      13 |   3.7 |      85 |      10 |  10.5
            +---------+---------+-------+---------+---------+-------
        D:1 |      48 |       6 |  11.1 |      29 |       6 |  17.1
        D:2 |      47 |       7 |  13.0 |      18 |       4 |  18.2
        D:3 |     219 |       0 |   0.0 |      29 |       0 |   0.0
        D:4 |      17 |       0 |   0.0 |       8 |       0 |   0.0
        D:5 |       4 |       0 |   0.0 |       1 |       0 |   0.0
            +---------+---------+-------+---------+---------+-------

Skill      XL: |  1  2  3  4  5 |
---------------+----------------+-----
Fighting       | 2 3 |  3.2
Shapeshifting  | 4 |  4.8
Unarmed Combat | 4 |  4.1
Dodging        | |  1.7
Invocations    | |  0.1

Action                     |  1- 3 |  4- 6 || total
---------------------------+-------+-------++-------
  Melee: Unarmed           |   108 |   111 ||   219
         Tailslap          |    10 |    10 ||    20
         Punch             |     2 |     2 ||     4
    Use: Scroll            |     4 |     9 ||    13
   Stab: Sleeping          |     1 |     1 ||     2
 Armour: Skin              |    39 |    53 ||    92
  Dodge: Dodged            |    56 |    69 ||   125
   Form: Flux              |       |     1 ||     1

Illustrated notes

Table legend:
 A = Kills in this place as a percentage of kills in the entire game.
 B = Kills by you in this place as a percentage of kills by you in the entire game.
 C = Kills by friends in this place as a percentage of kills by friends in the entire game.
 D = Other kills in this place as a percentage of other kills in the entire game.
 E = Experience gained in this place as a percentage of experience gained in the entire game.
 F = Experience gained in this place divided by the number of levels of this place that you have seen.
                   A       B       C       D       E      F
               +-------+-------+-------+-------+-------+----------------------
         Total | 100.0 | 100.0 |   N/A |   N/A | 100.0 |  58.0
       Dungeon | 100.0 | 100.0 |   N/A |   N/A | 100.0 |  69.6
               +-------+-------+-------+-------+-------+----------------------

Table legend: (Time is in decaauts)
 A = Elapsed time spent in this place.
 B = Non-inter-level travel time spent in this place.
 C = Inter-level travel time spent in this place.
 D = Time resting spent in this place.
 E = Time spent auto-exploring this place.
 F = Levels seen in this place.
 G = Mean time per level.
                   A        B        C        D        E       F      G
               +--------+--------+--------+--------+--------+-----+--------+
         Total |   3726 |   3622 |    104 |    320 |   2704 |   6 |  621.0 |
       Dungeon |   3685 |   3589 |     96 |    320 |   2704 |   5 |  737.0 |
        Temple |     40 |     32 |      8 |      0 |      0 |   1 |   40.0 |
               +--------+--------+--------+--------+--------+-----+--------+

Top non-repeatable levels by time:
     D:3: 926 daAuts
     D:1: 847 daAuts
     D:4: 845 daAuts
     D:2: 794 daAuts
     D:5: 271 daAuts
  Temple: 40 daAuts
